 Dungeon Crawl Stone Soup version 0.16-a0-2093-g8c923f7 (webtiles) character file.

142160 Asanbosam the Pandemonic (level 16, 0/122 HPs)
             Began as a Vampire Enchanter on Nov 9, 2014.
             Was a High Priest of Makhleb.
             Shot with a bolt by a naga sharpshooter (18 damage)
             ... on level 5 of the Snake Pit on Nov 12, 2014.
             The game lasted 04:24:10 (41220 turns).

Asanbosam the Pandemonic (Vampire Enchanter)       Turns: 41220, Time: 04:24:10

Health: 0/122      AC: 19    Str:  8    XL:     16   Next: 79%
Magic:  28/32      EV: 19    Int: 18    God:    Makhleb [*****.]
Gold:   3941       SH: 11    Dex: 17    Spells: 6 memorised, 7 levels left

rFire  + . .     SeeInvis +     x - +0 rapier
rCold  + . .     Clarity  .     T - +1 robe {MR+}
rNeg   + + .     SustAb   .     n - +0 shield {reflect}
rPois  +         Gourm    .     K - +1 helmet
rElec  .         Spirit   .     f - +0 cloak
rCorr  .         Warding  .     y - +1 pair of gloves
rMut   .         Stasis   .     r - +2 pair of boots
MR     ++...                    N - amulet of faith
Stlth  +++++.....               u - ring of protection from fire
                                o - +5 ring of protection

@: regenerating slowly, very resistant to hostile enchantments, quite stealthy
A: bottle blood, fangs 3, yellow scales 1, see invisible, unbreathing
a: Bat Form, Bottle Blood, Minor Destruction, Lesser Servant of Makhleb, Major
Destruction, Greater Servant of Makhleb, Renounce Religion


You were on level 5 of the Snake Pit.
You worshipped Makhleb.
Makhleb was extremely pleased with you.
You were thirsty.

You visited 5 branches of the dungeon, and saw 31 of its levels.
You visited the Abyss 1 time.
You also visited: Sewer, Ossuary, Bailey, Ice Cave and Volcano.

You collected 4785 gold pieces.
You spent 844 gold pieces at shops.

Inventory:

Hand weapons
 x - a +0 rapier (weapon)
Armour
 f - a +0 cloak (worn)
 n - a +0 shield of reflection (worn)
 r - a +2 pair of boots (worn)
 y - a +1 pair of gloves (worn)
 K - a +1 helmet (worn)
 T - a +1 robe of magic resistance (worn)
Rods
 G - a +4 rod of destruction (11/11)
   (You found it in an ice cave)
Jewellery
 o - a +5 ring of protection (left hand)
 u - a ring of protection from fire (right hand)
 N - an amulet of faith (around neck)
Magical devices
 l - a wand of disintegration (13)
 q - a wand of flame (15)
 w - a wand of teleportation (9)
 F - a wand of disintegration (11)
 J - a wand of paralysis (0)
 S - a wand of paralysis (16)
 U - a wand of disintegration (11)
Scrolls
 h - a scroll of teleportation
 i - 10 scrolls of remove curse
 k - 5 scrolls of fog
 m - a scroll of enchant weapon
 t - 4 scrolls of immolation
 v - a scroll of fear
 A - a scroll of amnesia
 B - a scroll of vulnerability
 D - a scroll of recharging
 E - 6 scrolls of magic mapping
 H - 2 scrolls of identify
 I - 2 scrolls of silence
 M - a scroll of enchant armour
Potions
 b - 5 potions of flight
 c - a potion of agility
 d - a potion of invisibility
 e - 8 potions of magic
 g - 14 potions of curing
 j - 2 potions of haste
 p - 2 potions of restore abilities
 L - 2 potions of blood
 P - 6 potions of might
 R - 3 potions of brilliance
 W - 3 potions of resistance
Books
 s - a book of Envenomations

   Spells                             Type                      Level
   Spider Form                        Transmutation/Poison         3
   Alistair's Intoxication            Transmutation/Poison         4
   Olgreb's Toxic Radiance            Poison                       4
   Poisonous Cloud                    Conjuration/Poison/Air       6
 z - a book of Frost

   Spells                             Type                      Level
   Freeze                             Ice                          1
   Throw Frost                        Conjuration/Ice              2
   *Ozocubu's Armour                  Charms/Ice                   3
   Throw Icicle                       Conjuration/Ice              4
   Summon Ice Beast                   Ice/Summoning                4
   Condensation Shield                Ice                          4
 C - Zetteph's Catalogue of the Earthen Traveller
   (You found it on level 1 of the Snake Pit)

   Spells                             Type                      Level
   Apportation                        Translocation                1
   Shroud of Golubria                 Charms/Translocation         2
   Blink                              Translocation                2
   Portal Projectile                  Translocation                3
   Bolt of Magma                      Conjuration/Fire/Earth       5
   Statue Form                        Transmutation/Earth          6
 Q - a book of the Earth

   Spells                             Type                      Level
   Leda's Liquefaction                Hexes/Earth                  4
   Bolt of Magma                      Conjuration/Fire/Earth       5
   Statue Form                        Transmutation/Earth          6
   Iron Shot                          Conjuration/Earth            6
   Shatter                            Earth                        9
Miscellaneous
 O - a disc of storms
 Z - a phantom mirror


   Skills:
 - Level 10.0 Fighting
 - Level 10.2 Short Blades
 - Level 4.6 Armour
 - Level 10.0 Dodging
 - Level 10.3 Stealth
 * Level 11.0 Shields
 - Level 6.0 Spellcasting
 - Level 4.0 Conjurations
 - Level 10.0 Hexes
 + Level 4.2 Charms
 + Level 5.1 Summonings
 + Level 4.8 Necromancy
 - Level 10.0 Ice Magic
 + Level 13.6 Invocations


You had 7 spell levels left.
You knew the following spells:

 Your Spells              Type           Power        Failure   Level  Hunger
a - Ozocubu's Armour      Chrm/Ice       ####....     1%          3    ##.....
b - Animate Dead          Necr           N/A          21%         4    ####...
c - Confuse               Hex            #####...     1%          3    ##.....
d - Dazzling Spray        Conj/Hex       ####....     1%          3    ##.....
h - Ensorcelled Hibernat  Hex/Ice        #####.       1%          2    None
s - Shadow Creatures      Summ           N/A          41%         5    #####..


Dungeon Overview and Level Annotations

Branches:
Dungeon (13/15)            Temple (1/1) D:4            Lair (8/8) D:10
  Swamp (0/5) Lair:5        Snake (5/5) Lair:4        Slime (0/6) Lair:6
    Orc (4/4) D:9             Elf (0/3) Orc:4        Vaults (0/5) D:13

Altars:
Ashenzari
Cheibriados
Dithmenos
Elyvilon
Fedhas
Gozag
Kikubaaqudgha
Makhleb
Nemelex Xobeh
Okawaru
Qazlal
Ru
Sif Muna
Trog
Vehumet
Xom
Yredelemnul
Zin
The Shining One
Beogh
Jiyva

Shops:
D:11 *   Orc:4 (:*[   Snake:4 =

Annotations:
D:11 Gastronok


Innate Abilities, Weirdness & Mutations

You heal slowly.
You can bottle blood from corpses.
You have razor-sharp teeth.
You have supernaturally acute eyesight.
You can survive without breathing.
You are partially covered in yellow scales (AC +2).


Message History

Your naga zombie hits the naga sharpshooter but does no damage.
Your naga zombie grabs the naga sharpshooter.
Your naga zombie constricts the naga sharpshooter.
The naga sharpshooter shoots a bolt.
The bolt barely misses your naga zombie.
The bolt hits you!
* * * LOW HITPOINT WARNING * * *
You see here a bolt.
Your naga zombie hits the naga sharpshooter but does no damage.
Your naga zombie constricts the naga sharpshooter.
The naga sharpshooter mumbles some strange words.
The naga sharpshooter magically shoots a bolt.
You reflect the bolt off your +0 shield of reflection!
Your naga zombie hits the naga sharpshooter!
Your naga zombie constricts the naga sharpshooter.
The naga hits your naga zombie with a runed halberd!
Your naga zombie is destroyed!
You see here 3 bolts.
The naga sharpshooter shoots a bolt.
The bolt hits you!!
You die...

......................)##..##..#.
.....N..........N......[...##..#.
.....##########NN..........#####.
....##.#......##(..........##....
....#%.........#...........##....
....#..........#(..#'##....#.....
N...#..........#.###..#....#####.
....#.[....Z..##(#?...#........##
....##.....Z..##@##...#..........
....##..####Z..#..##Z##..........
#...#.<.#..##..#.................
###.#...#...#.'#....#'##.........
##.(#...'...#.#.....#..#....##...
....#...#...#.##....#..##.Z###...
....##..#..##..#)...'...#Z###....
....#...#..#...#....#'###.Z##....
....#...####...#.................


You could see a naga sharpshooter and 2 nagas.

Vanquished Creatures
  Saint Roka (Orc:4)
  Donald (Orc:4)
  A frost giant (IceCv)
  Maud (Lair:3)
  Aizul (Snake:1)
  Snorg (Lair:4)
  3 vault guards
  Josephine (D:11)
  2 fire dragons
  The ghost of hackum the Cleaver, a powerful FoFi of Okawaru (D:10)
  5 naga warriors
  4 anacondas
  7 hydras
  Erica (Lair:5)
  2 death yaks (IceCv)
  2 naga sharpshooters
  4 shock serpents
  2 salamander mystics
  3 hill giants (D:10)
  2 lindwurms (Lair:8)
  4 orc knights
  2 wolf spiders (Lair:8)
  A naga ritualist (Snake:4)
  5 mana vipers
  A griffon (Lair:8)
  A manticore (D:10)
  An ugly thing (D:11)
  3 red wasps (Lair:8)
  8 elephants (Lair:7)
  An orc sorcerer (Orc:4)
  5 salamanders
  Joseph (D:7)
  A molten gargoyle (Volcano)
  5 torpor snails
  A guardian serpent (Snake:4)
  25 black mambas
  3 naga magi
  10 komodo dragons
  20 spiny frogs
  A kobold demonologist (D:9)
  3 fire drakes
  A tengu conjurer (D:13)
  A hellwing (Lair:8)
  A merfolk (D:10)
  A queen bee (Lair:3)
  4 wandering mushrooms (Lair:1)
  12 polar bears
  5 trolls
  A fire vortex (Volcano)
  Grinder (D:6)
  A giant leech (Lair:8)
  A two-headed ogre (Orc:2)
  16 blink frogs
  4 basilisks
  A raven (D:13)
  A spriggan (Lair:4)
  A wraith (D:13)
  A shadow (D:11)
  A fire elemental (Volcano)
  25 wolves
  Eustachio (D:8)
  3 hogs (D:10)
  66 yaks
  6 wyverns
  A hill giant zombie (D:8)
  13 hippogriffs
  2 hungry ghosts
  14 vampire mosquitoes
  32 water moccasins
  20 nagas
  A warg (Orc:3)
  5 ice beasts
  35 orc warriors
  Purgy (Sewer)
  3 yellow wasps
  5 sky beasts
  15 black bears
  13 centaurs
  4 spiders (Lair:8)
  11 porcupines
  A hill giant simulacrum (D:11)
  2 boring beetles (Lair:8)
  12 crocodiles
  13 ogres
  7 big kobolds
  15 giant frogs
  2 brain worms
  A cyclops zombie (D:11)
  4 gnoll sergeants
  A water moccasin zombie (Snake:4)
  2 insubstantial wisps (Lair:2)
  4 wights (D:11)
  36 killer bees
  11 scorpions
  A tengu zombie (D:11)
  8 electric eels
  2 naga zombies (Snake:5)
  A small abomination (Abyss:1)
  A yak skeleton (D:11)
  2 giant frog zombies
  5 crimson imps
  A quasit (D:10)
  A goliath beetle (D:9)
  A giant frog skeleton (D:8)
  2 centaur zombies (Ossuary)
  3 gnoll shamans
  15 hounds
  2 human zombies (Ossuary)
  14 jellies
  19 orc priests
  A centaur skeleton (D:10)
  39 orc wizards
  10 iguanas
  10 worker ants
  38 sheep
  5 big kobold zombies (Ossuary)
  Jessica (D:3)
  A mottled dragon skeleton (D:11)
  4 mummies
  A big kobold simulacrum (D:11)
  45 gnolls
  15 green rats
  3 scorpion zombies
  37 adders
  2 giant mites (D:3)
  2 shadow imps
  13 white imps
  10 worms
  6 giant geckos
  21 oozes
  182 orcs
  27 bats
  4 giant cockroaches
  21 goblins
  18 hobgoblins
  26 jackals
  18 kobolds
  11 quokkas
  3 giant newts
  6 giant spores
  A gnoll zombie (Ossuary)
  A goblin zombie (Ossuary)
  A hobgoblin skeleton (D:4)
  A hobgoblin zombie (Ossuary)
  A kobold skeleton (D:4)
  A kobold zombie (Ossuary)
  An orc skeleton (D:9)
  3 orc zombies
  17 rats
  A rat skeleton (D:6)
  14 ballistomycetes
  A bush (D:10)
  4 fungi
  7 plants
1300 creatures vanquished.

Vanquished Creatures (collateral kills)
  2 greater nagas
  Azrael (Snake:1)
  5 vault guards
  Fannar (Lair:8)
  8 naga warriors
  2 anacondas
  2 shock serpents
  An orc high priest (Orc:4)
  5 naga sharpshooters
  A catoblepas (Lair:8)
  A salamander mystic (Snake:4)
  2 naga ritualists
  An ice statue (IceCv)
  A hill giant (D:13)
  An orc knight (Orc:4)
  6 mana vipers
  An orc sorcerer (Orc:4)
  An ugly thing (Volcano)
  An oklob plant (Lair:6)
  10 black mambas
  5 salamanders
  3 elephants (Lair:8)
  A guardian serpent (Lair:8)
  2 torpor snails (Lair:8)
  11 naga magi
  2 spiny frogs
  A troll (Orc:4)
  A polar bear (IceCv)
  A fire vortex (Volcano)
  2 blink frogs (Lair:5)
  A raven (D:13)
  A shadow (D:13)
  A neqoxec (Abyss:1)
  4 fire elementals (Snake:1)
  3 water moccasins
  2 hell hounds (Snake:1)
  20 nagas
  An ice beast (IceCv)
  4 orc warriors (Orc:4)
  2 yellow wasps (Lair:8)
  An ogre (Orc:4)
  A crocodile (Lair:8)
  3 brain worms (Lair:8)
  Blork the orc (Orc:4)
  2 giant frogs
  An earth elemental (Volcano)
  2 orc priests (Orc:4)
  2 orc wizards (Orc:4)
  A sheep (Lair:6)
  7 worms (Lair:8)
  2 ufetubi (Orc:4)
  7 orcs
  A kobold (D:13)
  2 fungi
  A plant (Lair:8)
155 creatures vanquished.

Vanquished Creatures (others)
  2 Executioners
  A cacodemon (Orc:4)
  A green death (D:13)
  2 blizzard demons
  A naga sharpshooter (Snake:5)
  Maurice (D:10)
  3 orange demons
  4 smoke demons
  A polar bear (IceCv)
  2 black mamba zombies
  A yak (IceCv)
  4 ynoxinuls
  2 neqoxecs
  A water moccasin (Snake:1)
  An ogre (D:7)
  3 salamander zombies (Snake:4)
  A salamander skeleton (Snake:4)
  A quasit (Lair:8)
  14 naga zombies
  2 shadow imps
  5 ufetubi
  A giant spore (D:7)
  A goblin zombie (Ossuary)
  3 kobolds (D:12)
  8 fungi
  13 plants (Lair:8)
79 creatures vanquished.

Grand Total: 1534 creatures vanquished

Notes
Turn   | Place    | Note
--------------------------------------------------------------
     0 | D:1      | Asanbosam, the Vampire Enchanter, began the quest for the Orb.
     0 | D:1      | Reached XP level 1. HP: 13/13 MP: 3/3
     0 | D:1      | Noticed an elf skeleton
     1 | D:1      | Noticed a spriggan
     1 | D:1      | Noticed a centaur zombie
     3 | D:1      | Noticed a troll zombie
     5 | D:1      | Noticed a centaur skeleton
     7 | D:1      | Noticed a spriggan skeleton
     8 | D:1      | Noticed a troll
    13 | D:1      | Noticed an elf zombie
    13 | D:1      | Noticed a troll zombie
    15 | D:1      | Noticed a human
    17 | D:1      | Noticed a merfolk zombie
    17 | D:1      | Noticed a human zombie
    19 | D:1      | Noticed a vine stalker
    19 | D:1      | Noticed an elf skeleton
   172 | D:1      | Reached XP level 2. HP: 17/19 MP: 4/4
   212 | D:1      | Learned a level 2 spell: Ensorcelled Hibernation
  1013 | D:2      | Reached XP level 3. HP: 20/24 MP: 6/6
  1041 | D:2      | Learned a level 3 spell: Confuse
  1563 | D:2      | Reached skill level 5 in Stealth
  1564 | D:2      | Found a shadowy altar of Dithmenos.
  1624 | D:2      | Found an ancient bone altar of Kikubaaqudgha.
  2173 | D:3      | Reached skill level 5 in Hexes
  2266 | D:3      | Reached XP level 4. HP: 27/30 MP: 7/7
  2390 | D:3      | Reached skill level 1 in Ice Magic
  2405 | D:3      | Found a glowing drain.
  2487 | Sewer    | Entered a sewer
  2806 | Sewer    | Noticed Purgy
  2821 | Sewer    | Killed Purgy
  2821 | Sewer    | Reached XP level 5. HP: 35/35 MP: 1/9
  2909 | D:3      | Noticed Jessica
  2912 | D:3      | Killed Jessica
  3034 | D:3      | Reached skill level 6 in Stealth
  3253 | D:3      | Reached XP level 6. HP: 41/41 MP: 10/10
  3317 | D:3      | Learned a level 3 spell: Dazzling Spray
  3865 | D:4      | Found a sacrificial altar of Ru.
  3941 | D:4      | Found a staircase to the Ecumenical Temple.
  3970 | Temple   | Entered the Ecumenical Temple
  4021 | Temple   | Became a worshipper of Makhleb the Destroyer
  4544 | D:4      | Reached XP level 7. HP: 46/46 MP: 4/12
  4849 | D:5      | Entered Level 5 of the Dungeon
  4953 | D:5      | Found a bloodstained altar of Trog.
  4983 | D:5      | Reached skill level 5 in Short Blades
  5378 | D:5      | Reached skill level 7 in Stealth
  5615 | D:5      | Acquired Makhleb's first power
  5648 | D:5      | Reached XP level 8. HP: 52/52 MP: 10/13
  5990 | D:6      | Found a sand-covered staircase.
  5995 | Ossuary  | Entered an ossuary
  6340 | Ossuary  | Reached skill level 8 in Stealth
  6561 | Ossuary  | Acquired Makhleb's second power
  6750 | Ossuary  | Reached skill level 5 in Dodging
  6865 | D:6      | Noticed Grinder
  6885 | D:6      | Killed Grinder
  6966 | D:6      | Reached XP level 9. HP: 58/58 MP: 11/14
  6999 | D:6      | Reached skill level 1 in Fighting
  7162 | D:6      | Reached skill level 9 in Stealth
  7618 | D:6      | Acquired Makhleb's third power
  7734 | D:6      | Reached skill level 5 in Ice Magic
  8696 | D:7      | Acquired Makhleb's fourth power
  8877 | D:7      | Found a flagged portal.
  8905 | Bailey   | Entered a bailey
  8905 | Bailey   | Noticed an orc knight
  9027 | Bailey   | Reached skill level 10 in Stealth
  9113 | Bailey   | Killed an orc knight
  9113 | Bailey   | Reached XP level 10. HP: 67/70 MP: 3/16
  9873 | D:7      | Noticed Joseph
  9927 | D:7      | Killed Joseph
  9927 | D:7      | Reached skill level 10 in Short Blades
 10193 | D:7      | Found a bloodstained altar of Trog.
 10746 | D:8      | Reached skill level 1 in Armour
 10754 | D:8      | Found a blossoming altar of Fedhas.
 10759 | D:8      | Found a snail-covered altar of Cheibriados.
 10762 | D:8      | Found a deep blue altar of Sif Muna.
 10809 | D:8      | Noticed Eustachio
 10915 | D:9      | Found a staircase to the Orcish Mines.
 10942 | D:9      | Reached skill level 1 in Invocations
 10949 | D:9      | Acquired Makhleb's fifth power
 11587 | D:9      | Reached XP level 11. HP: 78/78 MP: 17/17
 12096 | D:8      | Reached skill level 5 in Fighting
 12139 | D:8      | Killed Eustachio
 12495 | D:10     | Entered Level 10 of the Dungeon
 12662 | D:10     | Found a staircase to the Lair.
 13352 | D:10     | Found a glowing golden altar of the Shining One.
 13446 | D:10     | Noticed Maurice
 13475 | D:10     | Killed Maurice
 13828 | D:10     | Noticed a hill giant
 13851 | D:10     | Noticed a hill giant
 13879 | D:10     | Killed a hill giant
 13897 | D:10     | Reached skill level 5 in Invocations
 14185 | D:10     | Noticed a hill giant
 14212 | D:10     | Killed a hill giant
 14248 | D:10     | Identified the Reference Book on Ignition
 14252 | D:10     | Got an ichor-stained chain mail
 14331 | D:10     | Noticed hackum's ghost (powerful FoFi)
 14362 | D:10     | Killed hackum's ghost
 14471 | D:10     | Reached skill level 1 in Shields
 14727 | D:10     | Reached XP level 12. HP: 57/88 MP: 10/22
 15018 | D:10     | Killed a hill giant
 15274 | D:11     | Found a shadowy altar of Dithmenos.
 15313 | D:11     | Got a sparkling amber ring
 15691 | D:11     | Found Stre Klet's Serpentskin Sales.
 15723 | D:11     | Identified the ring "Fillerchu" {+Fly Slay+4} (You found it on level 11 of the Dungeon)
 15871 | D:11     | Noticed Gastronok
 16056 | D:11     | Noticed Josephine
 16070 | D:11     | Killed Josephine
 16197 | D:11     | Found a glowing silver altar of Zin.
 16404 | Lair:1   | Entered Level 1 of the Lair of Beasts
 16877 | Lair:1   | Gained mutation: You are partially covered in yellow scales (AC +2). [potion of beneficial mutation]
 17630 | Lair:1   | Upgraded the game from 0.16-a0-2010-g98bc240 to 0.16-a0-2038-g968ce0a
 17856 | Lair:2   | Noticed a six-headed hydra
 17870 | Lair:2   | Killed a six-headed hydra
 17870 | Lair:2   | Reached skill level 10 in Dodging
 17979 | Lair:2   | Noticed a four-headed hydra
 17997 | Lair:2   | Killed a four-headed hydra
 18613 | Lair:3   | Reached XP level 13. HP: 98/98 MP: 25/25
 18914 | Lair:3   | Noticed Maud
 18931 | Lair:3   | Killed Maud
 19505 | Lair:4   | Noticed Snorg
 19524 | Lair:4   | Killed Snorg
 19524 | Lair:4   | Reached skill level 5 in Shields
 19550 | Lair:4   | Found a staircase to the Snake Pit.
 19869 | Lair:4   | Reached skill level 10 in Invocations
 20463 | Lair:5   | Reached skill level 10 in Hexes
 20875 | Lair:5   | Noticed Erica
 20883 | Lair:5   | Killed Erica
 21136 | Lair:5   | Found a staircase to the Swamp.
 21529 | Lair:6   | Found a viscous altar of Jiyva.
 21534 | Lair:6   | Found a staircase to the Slime Pits.
 22459 | Lair:7   | Reached XP level 14. HP: 108/108 MP: 28/28
 22495 | Lair:7   | Found a dark tunnel.
 22500 | Volcano  | Entered a volcano
 22855 | Lair:7   | Reached skill level 11 in Invocations
 22878 | Lair:7   | Got a glittering silver ring
 22892 | Lair:7   | Identified the ring of Brulyh {SustAb -Tele rC+} (You found it on level 7 of the Lair of Beasts)
 23436 | Lair:8   | Entered Level 8 of the Lair of Beasts
 24938 | Lair:8   | Reached skill level 12 in Invocations
 24989 | Lair:8   | Reached skill level 10 in Fighting
 25288 | Lair:8   | Reached skill level 1 in Conjurations
 25307 | Lair:8   | Noticed Fannar
 25326 | Lair:8   | Killed Fannar
 26149 | Lair:8   | Cast into the Abyss (a Zot trap)
 26296 | Abyss:1  | Paralysed by accursed screaming for 1 turns
 26297 | Abyss:1  | Noticed a cacodemon
 26441 | Lair:8   | Escaped the Abyss
 26901 | Lair:3   | Reached XP level 15. HP: 97/115 MP: 18/30
 27022 | Lair:1   | Upgraded the game from 0.16-a0-2038-g968ce0a to 0.16-a0-2072-gc0ac6de
 27692 | D:12     | Got a faintly glowing falchion
 27758 | D:12     | Identified the cursed -2 falchion of Experimentation {speed, rC++} (You found it on level 12 of the Dungeon)
 28887 | D:13     | Found a gate to the Vaults.
 29863 | D:13     | Found a blossoming altar of Fedhas.
 30630 | Orc:1    | Entered Level 1 of the Orcish Mines
 31341 | Orc:2    | Found a frozen archway.
 31410 | IceCv    | Entered an ice cave
 32036 | IceCv    | Reached skill level 10 in Ice Magic
 32614 | IceCv    | Identified Keummuin's Almanac of the Damaging Frostbite
 32624 | IceCv    | Identified a +4 rod of destruction (11/11) (You found it in an ice cave)
 33901 | Orc:4    | Entered Level 4 of the Orcish Mines
 33916 | Orc:4    | Noticed Saint Roka
 33917 | Orc:4    | Reached skill level 5 in Spellcasting
 34152 | Orc:4    | Found a staircase to the Elven Halls.
 34288 | Orc:4    | Noticed Donald
 34312 | Orc:4    | Killed Donald
 34426 | Orc:4    | Reached skill level 13 in Invocations
 34451 | Orc:4    | Noticed Blork the orc
 34458 | Orc:4    | Killed Blork the orc
 34966 | Orc:4    | Killed Saint Roka
 34974 | Orc:4    | Found a roughly hewn altar of Beogh.
 35014 | Orc:4    | Found Kaisak's Antique Armour Emporium.
 35026 | Orc:4    | Found Axkivie's Book Emporium.
 35210 | Orc:4    | Found Bues' General Store.
 35240 | Orc:4    | Bought a pair of glowing boots for 117 gold pieces
 35240 | Orc:4    | Bought a pair of faintly humming boots for 247 gold pieces
 35256 | Orc:4    | Identified the +0 pair of boots of Paranoia {Str+3 Dex-3} (You bought it in a shop on level 4 of the Orcish Mines)
 35367 | Orc:4    | Found Pnoedah's Antique Weapon Emporium.
 35423 | Orc:4    | Upgraded the game from 0.16-a0-2072-gc0ac6de to 0.16-a0-2093-g8c923f7
 35443 | Orc:4    | Bought a book of Necromancy for 480 gold pieces
 35449 | Orc:4    | Learned a level 4 spell: Animate Dead
 35455 | Orc:4    | Learned a level 5 spell: Shadow Creatures
 35607 | Snake:1  | Entered Level 1 of the Snake Pit
 35635 | Snake:1  | Found a white marble altar of Elyvilon.
 35884 | Snake:1  | Reached skill level 1 in Summonings
 36400 | Snake:1  | Noticed Azrael
 36420 | Snake:1  | Reached skill level 1 in Necromancy
 36425 | Snake:1  | Killed Azrael
 36449 | Snake:1  | Learned a level 3 spell: Ozocubu's Armour
 36728 | Snake:1  | Identified Zetteph's Catalogue of the Earthen Traveller
 36884 | Snake:1  | Reached XP level 16. HP: 122/122 MP: 31/31
 36924 | Snake:1  | Noticed Aizul
 36952 | Snake:1  | Killed Aizul
 37658 | Snake:2  | Reached skill level 1 in Charms
 38462 | Snake:3  | Reached skill level 10 in Shields
 39476 | Snake:4  | Found Loepudoo's Jewellery Shoppe.
 40099 | Snake:4  | HP: 6/122 [salamander/spear (5)]
 40674 | Snake:5  | Entered Level 5 of the Snake Pit
 41061 | Snake:5  | Reached skill level 5 in Summonings
 41220 | Snake:5  | Shot with a bolt by a naga sharpshooter

Action                   |  1- 3 |  4- 6 |  7- 9 | 10-12 | 13-15 | 16-18 || total
-------------------------+-------+-------+-------+-------+-------+-------++-------
Melee: Dagger            |   165 |   224 |   543 |   399 |       |       ||  1331
       Rapier            |       |       |       |   870 |  3027 |   424 ||  4321
       Unarmed           |       |       |       |     1 |       |       ||     1
       Rod               |       |       |       |       |     1 |       ||     1
 Cast: Ensorcelled Hiber |    11 |    27 |   103 |   159 |   203 |    27 ||   530
       Confuse           |       |     5 |    36 |    53 |    37 |     7 ||   138
       Dazzling Spray    |       |       |     5 |    30 |   170 |    50 ||   255
       Animate Dead      |       |       |       |       |       |    20 ||    20
       Ozocubu's Armour  |       |       |       |       |       |     3 ||     3
Invok: Lesser Servant of |       |       |       |       |    22 |     2 ||    24
       Greater Servant o |       |       |       |       |    11 |    12 ||    23
       Major Destruction |       |       |       |       |       |     3 ||     3
 Abil: Bottle Blood      |       |     5 |     7 |    15 |    30 |     4 ||    61
       End Transformatio |       |       |       |     4 |     2 |       ||     6
       Bat Form          |       |       |       |     4 |     2 |       ||     6
Evoke: Wand              |       |       |    24 |     6 |    20 |     2 ||    52
       Rod               |       |       |       |       |     2 |       ||     2
  Use: Scroll            |     5 |     2 |     8 |    12 |    26 |     1 ||    54
       Potion            |       |     3 |     4 |    13 |    29 |     6 ||    55
 Stab: Sleeping          |    14 |    34 |    78 |   134 |   199 |    26 ||   485
       Distracted        |     1 |       |       |     3 |    17 |    14 ||    35
       Confused          |       |     2 |    19 |    31 |    25 |     2 ||    79
       Invisible         |       |       |     5 |    38 |   121 |    22 ||   186
       Fleeing           |       |       |       |       |     3 |       ||     3
  Eat: Corpse            |     4 |     1 |     3 |     1 |     3 |     2 ||    14
